 Dungeon Crawl Stone Soup version 0.30-a0-1104-g706747fef1 (webtiles) character file.

Game seed: 2336333286513227134

6481 EiAlmux the Thaumaturge (level 10, -2/53 HPs)
             Began as a Deep Elf Conjurer on Apr 19, 2023.
             Was an Elder of Vehumet.
             Shot with an arrow by a centaur (12 damage)
             ... on level 9 of the Dungeon on June 27, 2023.
             The game lasted 00:33:50 (10749 turns).

EiAlmux the Thaumaturge (Deep Elf Conjurer)        Turns: 10749, Time: 00:33:51

Health: -2/53      AC:  9    Str:  6    XL:     10   Next: 68%
Magic:  32/37      EV: 13    Int: 22    God:    Vehumet [****..]
Gold:   504        SH:  0    Dex: 13    Spells: 20/33 levels left

rFire   x . .      SeeInvis .    G - +1 dagger (venom)
rCold   + . .      Faith    .    (no shield)
rNeg    + . .      Spirit   .    B - +1 robe of Fashionability {Will+ MP+9 Int-4}
rPois   .          Reflect  .    a - +2 hat
rElec   .          Rampage  .    v - scarf {repulsion}
rCorr   .                        j - +2 pair of gloves
Will    ++...                    s - +0 pair of boots
Stlth   +++                      (no amulet)
HPRegen 0.28/turn                n - ring of ice
MPRegen 0.25/turn                d - ring of positive energy

@: repel missiles
A: no striking features
a: Renounce Religion


You were on level 9 of the Dungeon.
You worshipped Vehumet.
Vehumet was greatly pleased with you.
You visited 2 branches of the dungeon, and saw 10 of its levels.

You collected 504 gold pieces.

Inventory:

Hand Weapons
 E - the +9 long sword of the Goat {holy, Str+3 Int+3}
   (You found it on level 5 of the Dungeon)

   Str:       It affects your strength (+3).
   Int:       It affects your intelligence (+3).
 G - a +1 dagger of venom (weapon)
Missiles
 y - 4 throwing nets
Armour
 a - a +2 hat (worn)
 j - a +2 pair of gloves (worn)
 s - a +0 pair of boots (worn)
 v - a scarf of repulsion (worn)
 B - the +1 robe of Fashionability (worn) {Will+ MP+9 Int-4}
   (You found it on level 6 of the Dungeon)

   Int:       It affects your intelligence (-4).
   MP:        It affects your magic capacity (+9).
   Will:      It increases your willpower.
 I - +0 steam dragon scales
Magical Staves
 h - a staff of death
Jewellery
 d - a ring of positive energy (right hand)
 l - a ring of resist corrosion
 m - a ring of flight
 n - a ring of ice (left hand)
Scrolls
 c - 2 scrolls of butterflies
 f - 3 scrolls of immolation
 i - 4 scrolls of teleportation
 o - 3 scrolls of noise
 p - 2 scrolls of fear
 q - 2 scrolls of amnesia
 u - 2 scrolls of poison {unknown}
 x - a scroll of torment {unknown}
 z - 4 scrolls of fog
 A - 3 scrolls of vulnerability
 F - a scroll of enchant armour {unknown}
Potions
 b - 4 potions of magic
 e - 2 potions of heal wounds
 g - 4 potions of flight
 k - 3 potions of invisibility {unknown}
 r - 3 potions of resistance
 t - 3 potions of might
 w - a potion of lignification {unknown}
 C - a potion of mutation {unknown}
 D - a potion of curing {unknown}
 H - a potion of haste
 K - a potion of attraction {unknown}
Miscellaneous
 J - a piece from Xom's chessboard (13/15) (quivered)


   Skills:
 - Level 2.0 Fighting
 + Level 4.4 Armour
 - Level 5.0 Dodging
 - Level 5.0 Stealth
 + Level 12.2 Spellcasting
 - Level 10.0 Conjurations
 - Level 3.0 Translocations
 + Level 7.2 Ice Magic


You had 20 spell levels left.
You knew the following spells:

 Your Spells              Type           Power      Damage    Failure   Level
a - Magic Dart            Conj           100%       1d8       1%          1
b - Searing Ray           Conj           100%       2d8       1%          2
c - Hailstorm             Conj/Ice       67%        3d14      1%          3
d - Iskenderun's Mystic   Conj/Tloc      42%        2d10      1%          4
e - Frozen Ramparts       Ice            100%       1d16      1%          3

Your spell library contained the following spells:

 Spells                   Type           Power      Damage    Failure   Level
 Dazzling Flash           Conj/Hex       70%        N/A       1%          3
 Mephitic Cloud           Conj/Pois/Air  28%        N/A       1%          3
 Flame Wave               Conj/Fire      35%        2d10      1%          4
 Fulminant Prism          Conj/Hex       17%        3d10      1%          4
 Sticky Flame             Conj/Fire      35%        2d5       1%          4
 Beastly Appendage        Tmut           26%        N/A       4%          1
 Inner Flame              Hex/Fire       13%        N/A       4%          3
 Call Imp                 Summ           26%        N/A       8%          2
 Wereblood                Tmut           13%        N/A       8%          2
 Portal Projectile        Hex/Tloc       40%        N/A       8%          3
 Ice Form                 Ice/Tmut       44%        N/A       11%         4
 Call Canine Familiar     Summ           13%        N/A       14%         3
 Spider Form              Tmut/Pois      13%        N/A       14%         3
 Leda's Liquefaction      Hex/Erth       6%         N/A       43%         4
 Simulacrum               Ice/Necr       22%        N/A       86%         6


Dungeon Overview and Level Annotations

Branches:
Dungeon (9/15)             Temple (1/1) D:7            Lair (0/5) D:9
    Orc: D:9-12

Altars:
Ashenzari
Cheibriados
Dithmenos
Elyvilon
Fedhas
Gozag
Hepliaklqana
Kikubaaqudgha
Makhleb
Nemelex Xobeh
Okawaru
Qazlal
Ru
Sif Muna
Uskayaw
Vehumet
Wu Jian
Xom
Yredelemnul
Zin
The Shining One

Annotations:
D:7 exclusion: komodo dragon
D:8 Amaemon, Erica


Message History

The centaur shoots an arrow.
The arrow barely misses you.
The centaur shoots an arrow.
The arrow misses you.
Casting: Magic Dart (safe; 1% risk of failure)
Confirm with . or Enter, or press ? or * to list all spells.
Aiming: Magic Dart (safe; 1% risk of failure)
Press: ? - help, Shift-Dir - straight line, f/p - centaur
Aim: a centaur, wielding a +0 shortbow (moderately wounded, 100% to hit)
The magic dart hits the centaur.
The centaur is moderately wounded.
The centaur shoots an arrow.
The arrow hits you.
The centaur shoots an arrow.
The arrow completely misses you.
Casting: Magic Dart (safe; 1% risk of failure)
Confirm with . or Enter, or press ? or * to list all spells.
Aiming: Magic Dart (safe; 1% risk of failure)
Press: ? - help, Shift-Dir - straight line, f/p - centaur
Aim: a centaur, wielding a +0 shortbow (moderately wounded, 100% to hit)
The magic dart hits the centaur.
The centaur is severely wounded.
The centaur shoots an arrow.
The arrow hits you!
The centaur shoots an arrow.
The arrow closely misses you.
The centaur shoots an arrow.
The arrow hits you.
Casting: Magic Dart (safe; 1% risk of failure)
Confirm with . or Enter, or press ? or * to list all spells.
Aiming: Magic Dart (safe; 1% risk of failure)
Press: ? - help, Shift-Dir - straight line, f/p - centaur
Aim: a centaur, wielding a +0 shortbow (severely wounded, 100% to hit)
The magic dart hits the centaur.
The centaur is severely wounded.
The centaur shoots an arrow.
The arrow hits you!
The centaur shoots an arrow.
The arrow hits you.
Casting: Magic Dart (safe; 1% risk of failure)
Confirm with . or Enter, or press ? or * to list all spells.
Aiming: Magic Dart (safe; 1% risk of failure)
Press: ? - help, Shift-Dir - straight line, f/p - centaur
Aim: a centaur, wielding a +0 shortbow (severely wounded, 100% to hit)
The magic dart hits the centaur.
The centaur is almost dead.
The centaur shoots an arrow.
The arrow hits you.
* * * LOW HITPOINT WARNING * * *
The centaur shoots an arrow.
The arrow hits you!
You die...

.c≈≈≈≈.......###########.
.c≈≈≈#..........#8.......
.c≈≈≈...........########.
.≈≈≈≈...........####.###.
≈≈≈≈............###○.°##.
≈≈≈#.......(....##..☼..#.
≈≈ #............###§§§##.
..##............####☼###.
........@.......########.
##############..########'
##.......... ###########


You could see 2 centaurs.

Vanquished Creatures
  A troll (D:9)
  A shadow (D:9)
  12 yaks
  2 steam dragons (D:9)
  A water moccasin (D:6)
  2 orc warriors
  2 ice beasts (D:6)
  A black bear (D:6)
  2 wolves (D:9)
  6 centaurs
  A phantom (D:5)
  4 kobold brigands
  3 bullfrogs
  A gnoll sergeant (D:9)
  5 scorpions
  15 killer bees
  A howler monkey (D:4)
  3 electric eels (D:9)
  13 hounds
  An orc priest (D:5)
  3 gnoll boudas
  2 iguanas
  A sleepcap (D:6)
  3 orc wizards
  30 gnolls
  8 adders
  3 ufetubi
  2 worms (D:2)
  A dart slug (D:2)
  36 orcs
  7 endoplasms
  2 giant cockroaches
  9 goblins
  3 hobgoblins
  11 jackals (D:4)
  18 kobolds
  4 quokkas
  4 ball pythons
  5 bats
  2 frilled lizards
  3 rats
234 creatures vanquished.

Vanquished Creatures (others)
  33 plants
33 creatures vanquished.

Grand Total: 267 creatures vanquished

Notes
Turn   | Place    | Note
-------+----------+-------------------------------------------
     0 | D:1      | EiAlmux the Deep Elf Conjurer began the quest for the Orb.
     0 | D:1      | Reached XP level 1. HP: 10/10 MP: 6/6
   311 | D:1      | Found a faded altar of an unknown god.
   352 | D:1      | Reached XP level 2. HP: 16/16 MP: 6/8
   381 | D:1      | Learned a level 2 spell: Searing Ray
   410 | D:1      | Reached skill level 1 in Fighting
   997 | D:2      | Found a shadowy altar of Dithmenos.
  1198 | D:2      | Reached XP level 3. HP: 20/20 MP: 5/10
  2222 | D:3      | Reached XP level 4. HP: 26/26 MP: 7/11
  2327 | D:3      | Found a radiant altar of Vehumet.
  2335 | D:3      | Became a worshipper of Vehumet
  2420 | D:3      | Found a broken altar of Ashenzari.
  2421 | D:3      | Found a hazy altar of Hepliaklqana.
  2422 | D:3      | Found a glowing golden altar of the Shining One.
  2482 | D:3      | Found a blossoming altar of Fedhas.
  2512 | D:3      | Found a burning altar of Makhleb.
  2671 | D:3      | Reached skill level 4 in Spellcasting
  3074 | D:4      | Reached skill level 5 in Conjurations
  3128 | D:4      | Reached skill level 1 in Translocations
  3281 | D:4      | Reached XP level 5. HP: 30/30 MP: 7/13
  3512 | D:4      | Reached skill level 5 in Spellcasting
  3512 | D:4      | Reached XP level 6. HP: 35/35 MP: 8/15
  3927 | D:4      | Reached * piety under Vehumet
  3927 | D:4      | Offered knowledge of Shock by Vehumet.
  4234 | D:4      | Reached XP level 7. HP: 39/40 MP: 1/17
  4565 | D:4      | Reached skill level 6 in Spellcasting
  4764 | D:4      | Learned a level 4 spell: Iskenderun's Mystic Blast
  4864 | D:4      | Reached skill level 5 in Dodging
  4914 | D:4      | You fall into a shaft and drop 3 floors!
  4964 | D:7      | Noticed a komodo dragon
  5122 | D:7      | Reached ** piety under Vehumet
  5160 | D:6      | Identified the +1 robe of Fashionability {Will+ MP+9 Int-4}
  5233 | D:6      | Reached skill level 7 in Spellcasting
  5448 | D:6      | Offered knowledge of Freeze by Vehumet.
  5452 | D:6      | Reached XP level 8. HP: 30/44 MP: 21/21
  5663 | D:5      | Entered Level 5 of the Dungeon
  5764 | D:5      | Reached skill level 8 in Spellcasting
  5989 | D:5      | Identified the +9 long sword of the Goat {holy, Str+3
                  | Int+3}
  6049 | D:5      | Reached skill level 5 in Stealth
  6696 | D:4      | Reached skill level 9 in Spellcasting
  7123 | D:6      | Reached XP level 9. HP: 48/48 MP: 24/24
  7167 | D:6      | Learned a level 3 spell: Hailstorm
  7371 | D:6      | Reached skill level 1 in Ice Magic
  7630 | D:7      | Offered knowledge of Volatile Blastmotes by Vehumet.
  7633 | D:7      | Reached skill level 1 in Armour
  7764 | D:7      | Found a staircase to the Ecumenical Temple.
  8270 | D:7      | Found an ornate altar of the Wu Jian Council.
  8378 | Temple   | Entered the Ecumenical Temple
  8475 | D:8      | Found a shimmering altar of Xom.
  8510 | D:8      | Noticed Erica
  8547 | D:8      | Reached *** piety under Vehumet
  8588 | D:8      | Reached skill level 10 in Spellcasting
  8622 | D:8      | Reached skill level 5 in Ice Magic
  8968 | D:8      | Noticed an orange demon
  8969 | D:8      | Noticed Amaemon
  8989 | D:9      | Offered knowledge of Olgreb's Toxic Radiance by Vehumet.
  8990 | D:9      | Reached XP level 10. HP: 32/53 MP: 3/26
  9004 | D:9      | Reached skill level 11 in Spellcasting
  9004 | D:9      | Reached skill level 10 in Conjurations
  9296 | D:9      | Found a staircase to the Lair.
  9470 | D:9      | Found a glowing silver altar of Zin.
  9646 | D:9      | Found a shadowy altar of Dithmenos.
  9725 | D:9      | Reached **** piety under Vehumet
  9809 | D:9      | Reached skill level 12 in Spellcasting
 10042 | D:9      | Offered knowledge of Frozen Ramparts by Vehumet.
 10080 | D:9      | Learned a level 3 spell: Frozen Ramparts
 10346 | D:9      | Found a sparkling altar of Nemelex Xobeh.
 10749 | D:9      | Shot with an arrow by a centaur

Illustrated notes

Levels and vault maps discovered:
D:1:      ebering_trefoil_twist, layout_loops_ring, ebering_ecumenical_altar_box
D:2:      layout_basic, basic_altar
D:3:      layout_loops_ring, nicolae_overflow_hidden_temple, fedhas_altar_1,
          chequers_temple_overflow_statue_of_worship, lemuel_round_altar,
          serial_forest, infiniplex_forest_end_2, infiniplex_forest_end_1,
          infiniplex_forest_lined_3, infiniplex_forest_clump_cross,
          infiniplex_forest_clump_medium, minmay_circle_x
D:4:      lemuel_castle_with_subvaults [lemuel_castle_interior_original],
          layout_rooms
D:5:      layout_basic, palyth_stone_intersect, supply_closet_lemuel
D:6:      layout_cave_pods, abandoned_shop
D:7:      layout_basic, nicolae_wu_jian_wuxing_cycle, temple_statues,
          nrook_campfire, chequers_jeans
D:8:      layout_basic, mainiacjoe_overflow_catch_the_wave,
          serial_bayou_crossing, uniq_erica, uniq_amaemon
D:9:      layout_stronghold, grunt_dithmenos_shadows, lemuel_tele_altar,
          nemelex_altar_shiori, erik_lair_island, centaur_isle
Temple:   eino_temple_lava

Skill      XL: |  1  2  3  4  5  6  7  8  9 10 |
---------------+-------------------------------+-----
Fighting       | 1 2 |  2.0
Spellcasting   | 4 5 7 9 10 12 | 12.2
Conjurations   | 5 6 7 8 9 10 | 10.0
Dodging        | 3 4 5 |  5.0
Translocations | 1 2 3 |  3.0
Stealth        | 3 5 |  5.0
Ice Magic      | 5 7 |  7.2
Armour         | 2 4 |  4.4

Action                     |  1- 3 |  4- 6 |  7- 9 | 10-12 || total
---------------------------+-------+-------+-------+-------++-------
  Melee: Dagger            |       |       |    21 |       ||    21
   Cast: Magic Dart        |    87 |   103 |   264 |   102 ||   556
         Searing Ray       |       |     6 |    31 |    12 ||    49
         Iskenderun's Myst |       |       |    15 |    12 ||    27
         Hailstorm         |       |       |    11 |    12 ||    23
  Evoke: Piece from Xom's  |       |       |       |     3 ||     3
    Use: Scroll            |     4 |     1 |     5 |     2 ||    12
         Potion            |       |       |     1 |     1 ||     2
 Armour: Robe              |     1 |     2 |    20 |    12 ||    35
  Dodge: Dodged            |     2 |     5 |    87 |   102 ||   196
         Repelled          |       |       |     3 |     2 ||     5

Table legend: (Time is in decaauts)
 A = Elapsed time spent in this place.
 B = Non-inter-level travel time spent in this place.
 C = Inter-level travel time spent in this place.
 D = Time resting spent in this place.
 E = Time spent auto-exploring this place.
 F = Levels seen in this place.
 G = Mean time per level.
                   A        B        C        D        E       F      G
               +--------+--------+--------+--------+--------+-----+--------+
         Total |  10753 |  10159 |    594 |   1448 |   6905 |  10 | 1075.3 |
       Dungeon |  10681 |  10093 |    588 |   1448 |   6843 |   9 | 1186.8 |
        Temple |     72 |     66 |      6 |      0 |     62 |   1 |   72.0 |
               +--------+--------+--------+--------+--------+-----+--------+

Top non-repeatable levels by time:
     D:4: 2264 daAuts
     D:9: 1780 daAuts
     D:7: 1147 daAuts
     D:2: 1106 daAuts
     D:6: 1095 daAuts
     D:3: 1085 daAuts
     D:1: 984 daAuts
     D:5: 777 daAuts
     D:8: 439 daAuts
  Temple: 72 daAuts
